 Dungeon Crawl Stone Soup version 0.23.2-40-g277498a (webtiles) character file.

Game seed: 6761222142596492589

2126 Bucky5 the Slinger (level 9, -5/61 HPs)
             Began as a Halfling Hunter on Oct 18, 2019.
             Was a Follower of Okawaru.
             Slain by a slave (9 damage)
             ... led by Pikel
             ... on level 7 of the Dungeon.
             The game lasted 00:07:39 (6482 turns).

Bucky5 the Slinger (Halfling Hunter)                Turns: 6482, Time: 00:07:40

Health: -5/61      AC:  4    Str: 16    XL:     9   Next: 54%
Magic:  9/9        EV: 12    Int:  9    God:    Okawaru [*.....]
Gold:   304        SH: 13    Dex: 15    Spells: 8/8 levels left

rFire    . . .     SeeInvis .   a - +2 hunting sling
rCold    . . .     Gourm    .   k - +3 shield
rNeg     . . .     Faith    .   c - +0 leather armour
rPois    .         Spirit   .   (no helmet)
rElec    .         Reflect  .   (no cloak)
rCorr    .         Harm     .   j - +0 pair of gloves
MR       .....                  (no boots)
Stlth    +.........             (no amulet)
HPRegen  0.20/turn              (no ring)
MPRegen  0.11/turn              (no ring)

@: lightly drained
A: small, mutation resistance 1
a: Heroism, Renounce Religion


You were on level 7 of the Dungeon.
You worshipped Okawaru.
Okawaru was aware of your devotion.
You were completely stuffed.

You visited 2 branches of the dungeon, and saw 8 of its levels.

You collected 304 gold pieces.

Inventory:

Hand Weapons
 a - a +2 hunting sling (weapon)
 b - a +0 short sword
Missiles
 i - 156 stones (quivered)
Armour
 c - a +0 leather armour (worn)
 j - a +0 pair of gloves (worn)
 k - a +3 shield (worn)
Jewellery
 n - a +3 ring of dexterity {unknown}
 o - an uncursed amulet of faith {unknown}
 u - an uncursed ring of protection from fire {unknown}
Wands
 p - a wand of disintegration (16)
 r - a wand of digging (4)
 y - a wand of flame (22)
Scrolls
 g - 3 scrolls of teleportation
 m - 3 scrolls of remove curse
 q - 3 scrolls of magic mapping {unknown}
 t - 3 scrolls of identify {unknown}
 w - 2 scrolls of amnesia
 x - a scroll of enchant armour
Potions
 e - a potion of invisibility
 h - 4 potions of curing
 l - 3 potions of might {unknown}
 v - 3 potions of flight {unknown}
 z - a potion of agility
 A - a potion of heal wounds {unknown}
Comestibles
 f - 2 rations
 B - 5 chunks of flesh


   Skills:
 + Level 5.5(5.1) Fighting
 + Level 13.4(12.9) Slings
 - Level 2.1(1.8) Dodging
 - Level 1.1(0.7) Stealth
 * Level 5.8(5.4) Shields


You had 8 spell levels left.
You didn't know any spells.
Your spell library contained the following spells:

 Spells                   Type           Power        Failure   Level  Hunger
 Confusing Touch          Hex            #.....       91%         1    ##.....
 Confuse                  Hex            #.......     99%         3    ####...
 Gell's Gravitas          Tloc           #.........   99%         3    ####...
 Petrify                  Tmut/Erth      #.......     100%        4    #####..
 Metabolic Englaciation   Hex/Ice        #.........   100%        5    ######.
 Yara's Violent Unravell  Hex/Tmut       #.........   100%        5    ######.


Dungeon Overview and Level Annotations

Branches:
Dungeon (7/15)             Temple (1/1) D:5

Altars:
Gozag
Kikubaaqudgha
Okawaru
Qazlal
Trog
Xom


Innate Abilities, Weirdness & Mutations

You are small and have problems with some larger weapons.
You are somewhat resistant to further mutation.


Message History

* * * LOW HITPOINT WARNING * * *
You block the slave's attack. The yak misses you. The slave hits you.
* * * LOW HITPOINT WARNING * * *
You block the yak's attack. You block the slave's attack.
You block the yak's attack. You block the slave's attack. The yak gores you.
* * * LOW HITPOINT WARNING * * *
You block the slave's attack. The yak barely misses you.
The slave hits you but does no damage. You block the yak's attack.
The slave hits you but does no damage. You block the yak's attack.
You block the slave's attack. You block the yak's attack. The slave hits you.
* * * LOW HITPOINT WARNING * * *
You block the yak's attack. The slave hits you!
* * * LOW HITPOINT WARNING * * *
You block the yak's attack. The slave hits you!
You die...

## ##### ###### .. #...# #....#
#.#######...################.##.#
................py.Y.Y...........
.......รท))...###Y#####.#####.##.#
..(...#.#....# #@#...#.....#.##.#
#..<#.#.#....###p....#)....+....#
#...#.#.####.......###.....#.##.y
....#.#.#####....##....#+###).+ .
###.#.#........####)#..# ####
..#.##..........).#..#
#.##.##)......######### #.
.##.......## #. ######...#


You could see a yak, 2 slaves and a killer bee.

Vanquished Creatures
  Menkaure (D:5)
  Edmund (D:5)
  An orc warrior (D:5)
  A black bear (D:6)
  A sky beast (D:6)
  2 ogres
  2 centaurs
  2 bullfrogs
  A gnoll sergeant (D:5)
  2 scorpions
  2 howler monkeys
  3 wights (D:7)
  A crimson imp (D:5)
  A bullfrog zombie (D:6)
  A jelly (D:5)
  A quasit (D:7)
  2 orc priests (D:6)
  A hound (D:4)
  5 orc wizards
  Jessica (D:2)
  2 iguanas
  Natasha (thrice) (D:2)
  3 worker ants
  A hound skeleton (D:5)
  5 gnolls (D:5)
  5 adders
  4 worms (D:5)
  A dart slug (D:1)
  3 leopard geckos
  16 orcs
  3 giant cockroaches
  9 goblins
  7 hobgoblins
  9 jackals
  2 quokkas
  A ball python (D:1)
  5 bats
  5 frilled lizards
  A jackal skeleton (D:5)
  9 kobolds
  A leopard gecko zombie (D:6)
  A quokka skeleton (D:5)
  4 rats
132 creatures vanquished.

Notes
Turn   | Place    | Note
-------+----------+-------------------------------------------
     0 | D:1      | Bucky5 the Halfling Hunter began the quest for the Orb.
     0 | D:1      | Reached XP level 1. HP: 14/14 MP: 1/1
    46 | D:1      | Reached skill level 6 in Slings
   165 | D:1      | Reached XP level 2. HP: 19/19 MP: 2/2
   505 | D:1      | Reached XP level 3. HP: 24/24 MP: 3/3
   548 | D:1      | Reached skill level 7 in Slings
   825 | D:2      | Noticed Natasha
   830 | D:2      | Killed Natasha
   830 | D:2      | Reached skill level 1 in Shields
   830 | D:2      | Reached XP level 4. HP: 24/29 MP: 4/4
   884 | D:2      | Noticed Natasha
   893 | D:2      | Killed Natasha
   907 | D:2      | Noticed Natasha
   912 | D:2      | Killed Natasha
   912 | D:2      | Reached skill level 8 in Slings
   912 | D:2      | Reached XP level 5. HP: 22/34 MP: 5/5
  1057 | D:2      | Noticed Jessica
  1060 | D:2      | Killed Jessica
  1597 | D:3      | Reached XP level 6. HP: 41/41 MP: 6/6
  1998 | D:4      | Noticed an ogre
  2003 | D:4      | Killed an ogre
  2003 | D:4      | Reached skill level 9 in Slings
  2279 | D:4      | Reached XP level 7. HP: 45/45 MP: 7/7
  2721 | D:5      | Entered Level 5 of the Dungeon
  2779 | D:5      | Noticed Edmund
  2793 | D:5      | Killed Edmund
  2793 | D:5      | Reached skill level 10 in Slings
  3099 | D:5      | Reached XP level 8. HP: 27/52 MP: 8/8
  3398 | D:5      | Reached skill level 11 in Slings
  3479 | D:5      | Noticed Menkaure
  3486 | D:5      | Killed Menkaure
  3663 | D:5      | Found a bloodstained altar of Trog.
  3756 | D:5      | Found a staircase to the Ecumenical Temple.
  3781 | Temple   | Entered the Ecumenical Temple
  3794 | Temple   | Became a worshipper of Warmaster Okawaru
  4276 | D:6      | Reached skill level 12 in Slings
  4688 | D:6      | Reached XP level 9. HP: 48/59 MP: 9/9
  4701 | D:6      | Reached skill level 5 in Shields
  4707 | D:6      | Reached * piety under Okawaru
  4945 | D:6      | Reached skill level 5 in Fighting
  4945 | D:6      | Reached skill level 13 in Slings
  6482 | D:7      | Slain by a slave

Skill      XL: |  1  2  3  4  5  6  7  8  9 |
---------------+----------------------------+-----
Slings         | 6 7 8 9 10 12 13 | 13.4
Fighting       | 2 3 4 5 |  5.5
Shields        | 1 2 3 4 5 |  5.8
Dodging        | |  2.1
Stealth        | |  1.1

Action                   |  1- 3 |  4- 6 |  7- 9 || total
-------------------------+-------+-------+-------++-------
Melee: Hunting sling     |       |       |     3 ||     3
 Fire: Hunting sling     |    87 |   129 |   339 ||   555
  Use: Scroll            |     1 |     6 |       ||     7
       Potion            |       |     3 |       ||     3
  Eat: Chunk             |       |     3 |     1 ||     4
       Ration            |       |       |     6 ||     6
Armor: Leather armour    |     2 |     3 |    16 ||    21
Dodge: Dodged            |    10 |    16 |    50 ||    76
Block: Shield            |     8 |     9 |    82 ||    99
